 Dungeon Crawl Stone Soup version 0.31-a0-239-g0a1456f148 (webtiles) character file.

Game seed: 10030196873021454988

142 qw the Shooter (level 5, -7/42 HPs)
             Began as a Minotaur Hexslinger on July 11, 2023.
             Was an Initiate of Okawaru.
             Killed by nerve-wracking pain
             ... invoked by an orc priest
              (10 damage)
             ... on level 4 of the Dungeon.
             The game lasted 00:00:56 (2151 turns).

qw the Shooter (Minotaur Hexslinger)                Turns: 2151, Time: 00:00:57

Health: -7/42      AC:  6    Str: 12    XL:     5   Next: 3%
Magic:  5/5        EV: 11    Int: 10    God:    Okawaru [......]
Gold:   137        SH:  0    Dex: 15    Spells: 5/6 levels left

rFire   . . .        Y - +1 sling
rCold   . . .        (no shield)
rNeg    . . .        f - +0 ring mail
rPois   .            (helmet restricted)
rElec   .            (no cloak)
rCorr   .            (no gloves)
SInv    .            e - +0 pair of boots
Will    .....        (no amulet)
Stlth   +            (no ring)
HPRegen 0.27/turn    (no ring)
MPRegen 0.09/turn

%: no passive effects
@: no status effects
A: horns 2, retaliatory headbutt
a: Renounce Religion


You were on level 4 of the Dungeon.
You worshipped Okawaru.
Okawaru was noncommittal.
You visited 1 branch of the dungeon, and saw 4 of its levels.

You collected 137 gold pieces.


Innate Abilities, Weirdness & Mutations

You have a pair of horns on your head.
You reflexively headbutt those who attack you in melee.


   Skills:
 + Level 2.5 Fighting
 - Level 5.0 Ranged Weapons
 - Level 1.9 Armour
 - Level 2.1 Dodging
 - Level 1.0 Spellcasting
 - Level 2.0 Hexes


You had 5 spell levels left.
You knew the following spells:

 Your Spells              Type           Power      Damage    Failure   Level
a - Slow                  Hex            16%        N/A       32%         1

Your spell library contained the following spells:

 Spells                   Type           Power      Damage    Failure   Level
 Inner Flame              Hex/Fire       2%         N/A       83%         3
 Portal Projectile        Hex/Tloc       4%         N/A       83%         3
 Cause Fear               Hex            2%         N/A       97%         4

Inventory:

Hand Weapons
 Y - a +1 sling (weapon)
Armour
 e - a +0 pair of boots (worn)
 f - a +0 ring mail (worn)
Jewellery
 g - a ring of resist corrosion
Scrolls
 a - a scroll of identify
 d - a scroll of fear {unknown}
Potions
 c - a potion of curing
 h - a potion of mutation {unknown}

Dungeon Overview and Level Annotations

Branches:
Dungeon (4/15)
 Temple: D:4-7

Altars:
Okawaru


Message History

Moving in this stuff is going to be slow.
2147 ||| Stepping ~*~*~tactically~*~*~ (water).
The phantom attacks as you move away! The phantom hits you.
The ufetubus completely misses you. The ufetubus closely misses you.
The ufetubus hits you but does no damage.
The ufetubus barely misses you.
You shoot a sling bullet. The sling bullet hits the orc.
The orc is heavily wounded.
The phantom hits you.
The phantom blinks!
You blink.
The phantom barely misses you. You furiously retaliate!
You headbutt the phantom. You shoot a sling bullet.
The sling bullet closely misses the phantom.
The sling bullet hits the ufetubus but does no damage.
The phantom hits you.
The phantom blinks!
You blink.
You shoot a sling bullet. The sling bullet hits the orc.
You kill the orc!
Okawaru accepts your kill.
The ufetubus hits you but does no damage. x2
The goblin hits you but does no damage. The ufetubus barely misses you.
You furiously retaliate!
You headbutt the ufetubus.
The ufetubus hits you but does no damage.
The phantom hits you. The goblin barely misses you. You furiously retaliate!
You headbutt the goblin!
You kill the goblin!
Okawaru accepts your kill.
You hear a splash.
You shoot a sling bullet. The sling bullet hits the orc.
You kill the orc!
Okawaru accepts your kill.
The ufetubus hits you but does no damage.
The ufetubus hits you.
The orc priest mumbles some strange prayers to Beogh against you.
Pain shoots through your body! The phantom barely misses you.
The orc closely misses you. You furiously retaliate!
You headbutt the orc, but do no damage. The ufetubus hits you.
The ufetubus closely misses you.
The orc priest calls down the wrath of Beogh upon you.
Pain shoots through your body!
You die...

. .^...# .# #.
....#####.#
#.###########.........
...............o...... #
#..~~~~.###.##......
#.##.~~~.......ยค.#####
#.....~~~.....##..##
####))oo..######...#
#5@)Z..# #.#.## #W#o#..#
#.#..# #.#.#....# #.##.##
........#.####.####.##..#
.##.###.#.# #...........
#.#.# #.........#. ..#.#
#.........## #.#.#
#.........# #.#
#.........##


You could see a phantom, an orc priest, 2 orcs, an ufetubus and an adder zombie.

Vanquished Creatures
  A jelly (D:4)
  3 adders
  3 dart slugs
  9 orcs
  7 endoplasms
  3 giant cockroaches
  8 goblins
  5 hobgoblins
  2 jackals (D:3)
  A quokka (D:1)
  2 ball pythons
  9 bats
  2 frilled lizards
  7 kobolds
  5 rats
67 creatures vanquished.

Notes
Turn   | Place    | Note
-------+----------+-------------------------------------------
     0 | D:1      | qw the Minotaur Hexslinger began the quest for the Orb.
     0 | D:1      | Reached XP level 1. HP: 16/16 MP: 1/1
     0 | D:1      | 0 ||| qw: Version: 0.3-a-52-g30416fa
     0 | D:1      | 0 ||| qw: Game counter: 5911
     0 | D:1      | 0 ||| qw: Melee chars always use a shield: true
     0 | D:1      | 0 ||| qw: God list: Okawaru
     0 | D:1      | 0 ||| qw: Allow faded altars: false
     0 | D:1      | 0 ||| qw: Do Orc after clearing Dungeon:15 true
     0 | D:1      | 0 ||| qw: Do second Lair branch before Depths: true
     0 | D:1      | 0 ||| qw: Lair rune preference: random
     0 | D:1      | 0 ||| qw: Goals: Normal
     0 | D:1      | 0 ||| PLANNING D:1-11
    70 | D:1      | Found a faded altar of an unknown god.
   130 | D:1      | Reached skill level 3 in Ranged Weapons
   167 | D:1      | Reached XP level 2. HP: 23/23 MP: 2/2
   746 | D:1      | 746 ||| READING 4 scrolls labelled MOLO EFFIVVA.
   747 | D:1      | 747 ||| READING scroll labelled BUSIJI DOUN.
   748 | D:1      | 748 ||| READING 3 scrolls of identify.
   748 | D:1      | 748 ||| IDENTIFYING bubbling brown potion
   749 | D:1      | 749 ||| DROPPING scroll of poison.
   750 | D:1      | 750 ||| DROPPING potion of lignification.
   863 | D:2      | Reached XP level 3. HP: 29/29 MP: 3/3
  1045 | D:2      | Reached skill level 4 in Ranged Weapons
  1049 | D:2      | Found an iron altar of Okawaru.
  1050 | D:2      | 1050 ||| PLANNING OKAWARU WORSHIP
  1050 | D:2      | 1050 ||| UPGRADING to +0 leather armour.
  1060 | D:2      | 1060 ||| DROPPING +0 robe.
  1061 | D:2      | 1061 ||| UPGRADING to +0 pair of boots.
  1066 | D:2      | 1066 ||| READING scroll labelled VOMYFRUCZO.
  1067 | D:2      | 1067 ||| READING 3 scrolls of identify.
  1067 | D:2      | 1067 ||| IDENTIFYING puce potion
  1075 | D:2      | Became a worshipper of Warmaster Okawaru
  1076 | D:2      | 1076 ||| PLANNING D:1-11
  1261 | D:2      | 1261 ||| READING 2 scrolls labelled KAKUISMETZ.
  1262 | D:2      | 1262 ||| DROPPING scroll of revelation.
  1380 | D:3      | Reached XP level 4. HP: 36/36 MP: 4/4
  1775 | D:3      | Reached skill level 5 in Ranged Weapons
  2028 | D:3      | 2028 ||| UPGRADING to +0 ring mail.
  2038 | D:3      | 2038 ||| DROPPING +0 leather armour.
  2039 | D:3      | 2039 ||| READING 3 scrolls of identify.
  2039 | D:3      | 2039 ||| IDENTIFYING fuming golden potion
  2040 | D:3      | 2040 ||| READING 2 scrolls of identify.
  2040 | D:3      | 2040 ||| IDENTIFYING metallic ruby potion
  2041 | D:3      | 2041 ||| DROPPING potion of attraction.
  2106 | D:4      | Reached skill level 1 in Armour
  2110 | D:4      | Reached XP level 5. HP: 39/42 MP: 5/5
  2132 | D:4      | Noticed a phantom
  2142 | D:4      | 2142 ||| Stepping ~*~*~tactically~*~*~ (water).
  2143 | D:4      | 2143 ||| Stepping ~*~*~tactically~*~*~ (water).
  2144 | D:4      | HP: 10/42 [orc priest/divine providence (13)]
  2145 | D:4      | 2145 ||| DRINKING potion of heal wounds.
  2147 | D:4      | 2147 ||| Stepping ~*~*~tactically~*~*~ (water).
  2151 | D:4      | HP: 5/42 [orc priest/nerve-wracking pain (7)]
  2151 | D:4      | Killed from afar by an orc priest

Levels and vault maps discovered:
D:1:      minmay_arrival_glassed_features, layout_basic,
          ebering_ecumenical_altar_hall, minmay_fountain_box
D:2:      layout_rooms, basic_altar
D:3:      layout_loops_ring, minivault_14, minmay_door_square
D:4:      layout_basic, serial_undead, serial_undead_f, serial_undead_e,
          serial_undead_f, serial_undead_a, nicolae_nh_ransacked_shop,
          uniq_eustachio, uniq_robin, uniq_menkaure

Skill      XL: |  1  2  3  4 |
---------------+-------------+-----
Ranged Weapons | 3 4 5 |  5.0
Fighting       | 2 |  2.5
Armour         | 1 |  1.9
Dodging        | |  2.1
Spellcasting   | |  1.0
Hexes          | |  2.0

Action                     |  1- 3 |  4- 6 || total
---------------------------+-------+-------++-------
   Fire: Sling             |   125 |    87 ||   212
    Use: Scroll            |     6 |     2 ||     8
         Potion            |       |     1 ||     1
 Armour: Robe              |     7 |       ||     7
         Leather armour    |     1 |     8 ||     9
         Ring mail         |       |    11 ||    11
  Dodge: Dodged            |    34 |    49 ||    83

Table legend:
 A = Non-vault XP
 B = Vault XP
 C = Vault XP percentage of total XP
 D = Non-vault monster count
 E = Vault monster count
 F = Vault count percentage of total count
                 A         B        C        D         E       F
            +---------+---------+-------+---------+---------+-------
      Total |     206 |       0 |   0.0 |      67 |       0 |   0.0
            +---------+---------+-------+---------+---------+-------
        D:1 |      32 |       0 |   0.0 |      21 |       0 |   0.0
        D:2 |      46 |       0 |   0.0 |      18 |       0 |   0.0
        D:3 |      72 |       0 |   0.0 |      22 |       0 |   0.0
        D:4 |      56 |       0 |   0.0 |       6 |       0 |   0.0
            +---------+---------+-------+---------+---------+-------
